 Dungeon Crawl Stone Soup version 0.29-a0-925-g0a7a3d12f8 (webtiles) character file.

Game seed: 9382807341740595079

23 zdrol the Slasher (level 2, 0/26 HPs)
             Began as a Minotaur Fighter on July 28, 2022.
             Succumbed to a goblin's poison
             ... on level 1 of the Dungeon.
             The game lasted 00:02:12 (592 turns).

zdrol the Slasher (Minotaur Fighter)                 Turns: 592, Time: 00:02:12

Health: 0/26       AC:  6    Str: 20    XL:     2   Next: 72%
Magic:  1/1        EV:  9    Int:  5    God:
Gold:   19         SH:  4    Dex:  9    Spells: 1/1 levels left

rFire   . . .      SeeInvis .   a - +0 long sword
rCold   . . .      Faith    .   c - +0 buckler
rNeg    . . .      Spirit   .   b - +0 scale mail
rPois   .          Reflect  .   (helmet restricted)
rElec   .          Harm     .   (no cloak)
rCorr   .          Rampage  .   (no gloves)
Will    .....                   (no boots)
Stlth   ..........              (no amulet)
HPRegen 0.08/turn               (no ring)
MPRegen 0.07/turn               (no ring)

@: lethally poisoned (0 -> -6)
A: horns 2, retaliatory headbutt
a: no special abilities


You were on level 1 of the Dungeon.
You visited 1 branch of the dungeon, and saw 2 of its levels.

You collected 19 gold pieces.

Inventory:

Hand Weapons
 a - a +0 long sword (weapon)
Armour
 b - a +0 scale mail (worn)
 c - a +0 buckler (worn)
Magical Staves
 e - a staff of cold
Scrolls
 f - 2 scrolls of magic mapping {unknown}
 g - a scroll of identify {unknown}
 h - a scroll of amnesia {unknown}
 j - a scroll of blinking {unknown}
 k - a scroll of fog {unknown}
Potions
 d - a potion of might
 i - a potion of flight {unknown}


   Skills:
 - Level 3.6 Fighting
 * Level 4.1 Long Blades
 - Level 3.6 Armour
 - Level 3.6 Shields


You had one spell level left.
You didn't know any spells.
Your spell library was empty.

Dungeon Overview and Level Annotations

Branches:
Dungeon (2/15)

Altars:


Innate Abilities, Weirdness & Mutations

You have a pair of horns on your head.
You reflexively headbutt those who attack you in melee.


Message History

The giant cockroach waves its antennae.
The giant cockroach barely misses you.
You slash the giant cockroach!
You kill the giant cockroach!
Your Long Blades skill increases to level 4!
You see here a giant cockroach corpse.
You see here a giant cockroach corpse.
You now have 19 gold pieces (gained 6).
A goblin comes into view. It is wielding a +0 club.
A goblin comes into view. It is wielding a +2 dagger of venom.
The goblin shouts!
The goblin hits you but does no damage. The goblin hits you but does no damage.
You are poisoned.
The goblin hits you with a +0 club.
You feel very sick. The goblin hits you but does no damage.
You closely miss the goblin. Your headbutt misses the goblin.
You feel sick. The goblin hits you but does no damage.
The goblin hits you with a +0 club.
You completely miss the goblin.
You headbutt the goblin, but do no damage.
You feel sick.
The goblin hits you but does no damage. x2
You are more poisoned.
You slash the goblin!
You kill the goblin!
You feel very sick.
The goblin hits you with a +2 dagger of venom.
You are lethally poisoned!
You block the goblin's attack.
You hit the goblin but do no damage. You headbutt the goblin.
You kill the goblin!
You feel very sick.
* * * LOW HITPOINT WARNING * * *
You feel sick.
You see here a +2 dagger of venom.
* * * LOW HITPOINT WARNING * * *
You feel very sick.
* * * LOW HITPOINT WARNING * * *
You feel sick.
You die...

#. ## ###
###.. .... ..
#.####.... .
#.@.....# ..
#..####.# ###
##########).#
#..........)#
#.#########.#
#.# #.# #.#
#.# #.# #.#
#.# #.# .


There were no monsters in sight!

Vanquished Creatures
  A dart slug (D:1)
  A ball python (D:2)
  3 giant cockroaches
  2 goblins (D:1)
  A hobgoblin (D:2)
  3 jackals (D:2)
  2 quokkas (D:1)
  2 kobolds (D:1)
  3 rats (D:1)
18 creatures vanquished.

Notes
Turn   | Place    | Note
-------+----------+-------------------------------------------
     0 | D:1      | zdrol the Minotaur Fighter began the quest for the Orb.
     0 | D:1      | Reached XP level 1. HP: 19/19 MP: 0/0
    71 | D:2      | Reached skill level 3 in Long Blades
    78 | D:2      | Reached XP level 2. HP: 19/26 MP: 1/1
   549 | D:1      | Reached skill level 4 in Long Blades
   592 | D:1      | Succumbed to a goblin's poison

Illustrated notes

Levels and vault maps discovered:
D:1:      lightli_iron_boxes, layout_loops_ring
D:2:      minmay_door_path, layout_basic, hellmonk_ecumenical_altar_run_dry

Skill      XL: |  1  2 |
---------------+-------+-----
Long Blades    | 3 4 |  4.1
Fighting       | |  3.6
Armour         | |  3.6
Shields        | |  3.6

Action                   || total
-------------------------++-------
Melee: Long sword        ||    38
       Headbutt          ||     3
Armor: Scale mail        ||    27
Dodge: Dodged            ||    18
Block: Buckler           ||     9

Table legend: (Time is in decaauts)
 A = Elapsed time spent in this place.
 B = Non-inter-level travel time spent in this place.
 C = Inter-level travel time spent in this place.
 D = Time resting spent in this place.
 E = Time spent auto-exploring this place.
 F = Levels seen in this place.
 G = Mean time per level.
                   A        B        C        D        E       F      G
               +--------+--------+--------+--------+--------+-----+--------+
         Total |    602 |    602 |      0 |    106 |    228 |   2 |  301.0 |
       Dungeon |    602 |    602 |      0 |    106 |    228 |   2 |  301.0 |
               +--------+--------+--------+--------+--------+-----+--------+

Top non-repeatable levels by time:
     D:1: 433 daAuts
     D:2: 169 daAuts
